Hurricanes vs Coyotes

Created - 4 novembre 2017 at 15:55

Goals
1 2 3 T
Hurricanes 1 3 1 5
Coyotes 2 1 0 3
Shots
1 2 3 T
Hurricanes 13 13 8 34
Coyotes 12 15 9 36

1st period

1. Coyotes , Codey Burki 5 (Justin Williams 7, Mark Giordano 8) at 12:53 (PP)
2. Coyotes , Justin Williams 9 (Jonathan Cheechoo 11, Ryan Murray 4) at 15:04
3. Hurricanes , Marius Holtet 2 (Patrick Dwyer 2, Jordan Leopold 5) at 19:20

Penalties :
Roman Polak (ARI) for Kneeing (Minor) at 2:30, Chris Kunitz (CAR) for Goalie Interference (Minor) at 6:51, Peter Aston (CAR) for Slashing (Minor) at 11:27

2nd period

4. Hurricanes , Lee Stempniak 6 (Juraj Kolnik 5, Mike Ribeiro 11) at 1:28
5. Hurricanes , Brian Lee 2 (Ilya Kovalchuk 10, Jordan Leopold 6) at 13:35
6. Hurricanes , Alex Tanguay 3 (David Tanabe 1, Chris Kunitz 5) at 14:25
7. Coyotes , Rasmus Ristolainen 4 (Mark Giordano 9) at 17:21 (PP)

Penalties :
Justin Williams (ARI) for Hooking (Minor) at 11:32, Ilya Kovalchuk (CAR) for Tripping (Minor) at 15:48

3rd period

8. Hurricanes , Ilya Kovalchuk 9 (Alex Tanguay 6, Jordan Leopold 7) at 10:15 (PP)

Penalties :
Ilya Kovalchuk (CAR) for Hooking (Minor) at 0:31, Jonathan Cheechoo (ARI) for Boarding (Double Minor) at 7:40, Patrick Eaves (CAR) for High sticking (Minor) at 17:52

Goalie Stats

Jimmy Howard (CAR), 33 saves from 36 shots - (0,917), W, 7-4-0, 60:00 minutes
Pekka Rinne (ARI), 29 saves from 34 shots - (0,853), L, 4-7-1, 60:00 minutes

Players Stats for Hurricanes

Player Name              G  A  P  +/- PIM S  H  SB GA TA FO     MP     PP MP  PK MP  
------------------------------------------------------------------------------------
Alex Tanguay             1  1  2   0  0   4  0  0  0  0  4/6    22:13   3:13   2:24 
Brett Sterling           0  0  0   1  0   4  0  1  0  0  1/1     9:13   0:00   0:00 
Brian Lee                1  0  1   1  0   2  4  0  0  0  0/0    13:00   0:00   0:32 
Chris Kunitz             0  1  1   0  2   4  0  2  0  0  5/12   24:41   3:13   4:53 
David Tanabe             0  1  1   2  0   1  6  2  0  0  0/0    25:14   3:44   4:54 
Dylan Reese              0  0  0   1  0   0  1  0  0  0  0/0    12:28   0:00   0:00 
Grant Stevenson          0  0  0   1  0   0  0  0  0  0  1/2     4:50   0:00   0:00 
Ilya Kovalchuk           1  1  2   0  4   5  5  0  0  0  21/31  23:49   3:13   4:02 
John-Michael Liles       0  0  0   0  0   1  0  0  0  0  0/0    22:18   2:49   4:02 
Jordan Leopold           0  3  3   2  0   2  0  2  0  0  0/0    25:14   3:44   4:54 
Juraj Kolnik             0  1  1   1  0   0  7  0  0  0  0/0    18:48   3:20   1:36 
Lee Stempniak            1  0  1   1  0   3  0  0  0  0  1/2    17:15   3:20   0:03 
Marius Holtet            1  0  1   1  0   4  0  0  0  0  3/6     8:20   0:00   3:30 
Martin Hanzal            0  0  0   1  0   2  1  0  0  0  4/14    9:16   0:00   0:03 
Mike Ribeiro             0  1  1   1  0   0  0  0  0  0  9/20   18:33   3:20   1:21 
Patrick Dwyer            0  1  1   1  0   1  0  0  0  0  2/6     4:50   0:00   0:00 
Patrick Eaves            0  0  0   1  2   0  1  0  0  0  0/0     9:12   0:00   0:00 
Peter Aston              0  0  0   0  2   1  8  2  0  0  0/0    21:45   2:49   3:30 

Players Stats for Coyotes

Player Name              G  A  P  +/- PIM S  H  SB GA TA FO     MP     PP MP  PK MP  
------------------------------------------------------------------------------------
Codey Burki              1  0  1   0  0   3  0  0  0  0  16/29  20:22   4:24   0:00 
David Brine              0  0  0   0  0   0  0  0  0  0  3/4     2:10   0:00   0:00 
David Pastrnak           0  0  0  -3  0   2  6  1  0  0  1/4    20:28   4:32   0:00 
Evgeny Kuznetsov         0  0  0  -3  0   3  1  0  0  0  12/31  20:48   4:32   0:20 
Johnny Gaudreau          0  0  0  -3  0   4  0  0  0  0  3/4    20:28   4:32   0:00 
Jonathan Cheechoo        0  1  1   0  4   5  1  0  0  0  1/1    20:21   4:24   0:00 
Justin Williams          1  1  2   0  2   3  1  0  0  0  0/0    20:21   4:24   0:00 
Kris Russell             0  0  0  -3  0   2  4  1  0  0  0/0    19:03   0:17   2:53 
Kyle Calder              0  0  0   0  0   1  0  0  0  0  0/0    13:26   0:00   2:59 
Mark Giordano            0  2  2  -3  0   4  1  4  0  0  0/0    24:56   5:23   3:40 
Mason Raymond            0  0  0   0  0   1  0  0  0  0  1/2    13:38   0:00   3:11 
Matt Calvert             0  0  0   0  0   1  0  1  0  0  1/5     5:37   0:00   3:27 
Michael Rupp             0  0  0   0  0   3  2  2  0  0  10/19  13:13   0:00   2:46 
Rasmus Ristolainen       1  0  1   0  0   2  1  0  0  0  0/0    21:53   5:06   0:00 
Roman Polak              0  0  0   0  2   1  0  0  0  0  0/0    15:43   3:33   0:20 
Ryan Murray              0  1  1   0  0   0  2  0  0  0  0/0    23:13   3:33   2:53 
Sean Avery               0  0  0   0  0   1  0  0  0  0  1/1     2:33   0:00   0:23 
Ville Koistinen          0  0  0   0  0   0  2  0  0  0  0/0    15:11   0:00   3:20 

3 Stars

1 - Jordan Leopold (CAR)
2 - David Tanabe (CAR)
3 - Brian Lee (CAR)

Power Play

Hurricanes - 1 on 4 Attempt(s) - 25,00%
Coyotes - 2 on 5 Attempt(s) - 40,00%

Penalty Kill

Hurricanes - 3 on 5 Attempt(s) - 60,00% - Score 0 goal in Penalty Kill
Coyotes - 3 on 4 Attempt(s) - 75,00% - Score 0 goal in Penalty Kill

Team Stat

Hurricanes - Hits : 33 - Faceoff Wins : 51 - Blocked Shots : 9 - Penalty Minutes : 10
Coyotes - Hits : 21 - Faceoff Wins : 49 - Blocked Shots : 9 - Penalty Minutes : 8

Official

Referees : Chris Schlenker and Dave Jackson
Linesman : Dan Dineen and Landon Bathe

Game Notes

No Game Note

Finance

Level 1 -- Attendance: 3750 (100,00%) -- Ticket Income 345 000 $
Level 2 -- Attendance: 4000 (100,00%) -- Ticket Income 272 000 $
Level 3 -- Attendance: 2700 (60,00%) -- Ticket Income 56 700 $
Level 4 -- Attendance: 5056 (96,30%) -- Ticket Income 80 896 $
Luxury Box -- Attendance: 1000 (100,00%) -- Ticket Income 205 000 $
Game was played at the Staples Center.
Total Attendance: 16506 (89,22%)
Total Ticket Income: 959 596 $
Other Income: 470 202 $
Total Income: 1 429 798 $

Hurricanes

5 vs 5 Forward 
   Center                   Left Wing                Right Wing               Time % Phy DF OF 
 1 Ilya Kovalchuk           Chris Kunitz             Alex Tanguay             40     1   2  2  
 2 Mike Ribeiro             Lee Stempniak            Juraj Kolnik             30     1   2  2  
 3 Martin Hanzal            Brett Sterling           Patrick Eaves            20     1   2  2  
 4 Patrick Dwyer            Marius Holtet            Grant Stevenson          10     1   2  2  

5 vs 5 Defense 
   Defense                  Defense                                           Time % Phy DF OF 
 1 David Tanabe             Jordan Leopold                                    40     1   2  2  
 2 John-Michael Liles       Peter Aston                                       30     1   2  2  
 3 Dylan Reese              Brian Lee                                         20     1   2  2  
 4 David Tanabe             Jordan Leopold                                    10     1   2  2  

PowerPlay Forward 
   Center                   Left Wing                Right Wing               Time % Phy DF OF 
 1 Ilya Kovalchuk           Chris Kunitz             Alex Tanguay             60     1   2  2  
 2 Mike Ribeiro             Lee Stempniak            Juraj Kolnik             40     1   2  2  

PowerPlay Defense
   Defense                  Defense                                           Time % Phy DF OF 
 1 David Tanabe             Jordan Leopold                                    60     1   2  2  
 2 John-Michael Liles       Peter Aston                                       40     1   2  2  

Penalty Kill 4 Players Forward 
   Center                   Wing                     Time % Phy DF OF 
 1 Chris Kunitz             Ilya Kovalchuk           60     1   2  2  
 2 Alex Tanguay             Juraj Kolnik             40     1   2  2  

Penalty Kill 4 Players Defense
   Defense                  Defense                  Time % Phy DF OF 
 1 David Tanabe             Jordan Leopold           60     1   2  2  
 2 John-Michael Liles       Peter Aston              40     1   2  2  

Penalty Kill - 3 Players Forward 
   Forward                                           Time % Phy DF OF 
 1 Chris Kunitz                                      60     1   2  2  
 2 Ilya Kovalchuk                                    40     1   2  2  

Penalty Kill - 3 Players Defense
   Defense                  Defense                  Time % Phy DF OF 
 1 David Tanabe             Jordan Leopold           60     1   2  2  
 2 John-Michael Liles       Peter Aston              40     1   2  2  

4 vs 4 Forward 
   Center                   Wing                     Time % Phy DF OF 
 1 Chris Kunitz             Ilya Kovalchuk           60     1   2  2  
 2 Alex Tanguay             Juraj Kolnik             40     1   2  2  

4 vs 4 Defense
   Defense                  Defense                  Time % Phy DF OF 
 1 David Tanabe             Jordan Leopold           60     1   2  2  
 2 John-Michael Liles       Peter Aston              40     1   2  2  

Last Minutes Offensive
   Center                   Left Wing                Right Wing               Defense                  Defense                  
   Ilya Kovalchuk           Chris Kunitz             Alex Tanguay             David Tanabe             Jordan Leopold           

Last Minutes Defensive
   Center                   Left Wing                Right Wing               Defense                  Defense                  
   Ilya Kovalchuk           Chris Kunitz             Alex Tanguay             David Tanabe             Jordan Leopold           

Goaltenders
Starting : Jimmy Howard             
Backup : Henrik Lundqvist         

Extra Forwards
Normal : Brett Sterling, Patrick Eaves, Marius Holtet - PP : Brett Sterling, Patrick Eaves - PK : Marius Holtet
Extra Defensemen
Normal : Dylan Reese, Brian Lee, John-Michael Liles - PP : Dylan Reese - PK : Brian Lee, John-Michael Liles
Penalty Shots
Chris Kunitz, Ilya Kovalchuk, Alex Tanguay, Juraj Kolnik, Mike Ribeiro
Custom OT Lines Forwards
Chris Kunitz, Ilya Kovalchuk, Alex Tanguay, Juraj Kolnik, Mike Ribeiro, Lee Stempniak, Brett Sterling, Patrick Eaves, Marius Holtet, Martin Hanzal
Custom OT Lines Defensemen
David Tanabe, Jordan Leopold, John-Michael Liles, Peter Aston, Dylan Reese

Scratches
Robyn Regehr (Healthy), Nikita Kucherov (Sprained Right Finger Injury)

Coyotes

5 vs 5 Forward 
   Center                   Left Wing                Right Wing               Time % Phy DF OF 
 1 Codey Burki              Jonathan Cheechoo        Justin Williams          35     0   2  3  
 2 Evgeny Kuznetsov         Johnny Gaudreau          David Pastrnak           34     0   2  3  
 3 Michael Rupp             Kyle Calder              Mason Raymond            23     0   3  2  
 4 David Brine              Sean Avery               Matt Calvert             8      1   2  2  

5 vs 5 Defense 
   Defense                  Defense                                           Time % Phy DF OF 
 1 Kris Russell             Mark Giordano                                     35     0   2  3  
 2 Rasmus Ristolainen       Ryan Murray                                       34     0   2  3  
 3 Ville Koistinen          Roman Polak                                       23     0   3  2  
 4 Rasmus Ristolainen       Ryan Murray                                       8      0   0  5  

PowerPlay Forward 
   Center                   Left Wing                Right Wing               Time % Phy DF OF 
 1 Codey Burki              Jonathan Cheechoo        Justin Williams          50     0   0  5  
 2 Evgeny Kuznetsov         Johnny Gaudreau          David Pastrnak           50     0   0  5  

PowerPlay Defense
   Defense                  Defense                                           Time % Phy DF OF 
 1 Rasmus Ristolainen       Mark Giordano                                     50     0   0  5  
 2 Roman Polak              Ryan Murray                                       50     0   1  4  

Penalty Kill 4 Players Forward 
   Center                   Wing                     Time % Phy DF OF 
 1 Michael Rupp             Kyle Calder              50     1   2  2  
 2 Matt Calvert             Mason Raymond            50     0   5  0  

Penalty Kill 4 Players Defense
   Defense                  Defense                  Time % Phy DF OF 
 1 Ville Koistinen          Mark Giordano            50     1   2  2  
 2 Ryan Murray              Kris Russell             50     0   4  1  

Penalty Kill - 3 Players Forward 
   Forward                                           Time % Phy DF OF 
 1 Jonathan Cheechoo                                 60     1   2  2  
 2 Justin Williams                                   40     1   2  2  

Penalty Kill - 3 Players Defense
   Defense                  Defense                  Time % Phy DF OF 
 1 Roman Polak              Kris Russell             60     1   2  2  
 2 Rasmus Ristolainen       Ryan Murray              40     1   2  2  

4 vs 4 Forward 
   Center                   Wing                     Time % Phy DF OF 
 1 Evgeny Kuznetsov         David Pastrnak           60     0   0  5  
 2 Matt Calvert             Johnny Gaudreau          40     0   1  4  

4 vs 4 Defense
   Defense                  Defense                  Time % Phy DF OF 
 1 Rasmus Ristolainen       Ryan Murray              60     0   1  4  
 2 Roman Polak              Mark Giordano            40     0   2  3  

Last Minutes Offensive
   Center                   Left Wing                Right Wing               Defense                  Defense                  
   Evgeny Kuznetsov         Jonathan Cheechoo        Justin Williams          Rasmus Ristolainen       Ryan Murray              

Last Minutes Defensive
   Center                   Left Wing                Right Wing               Defense                  Defense                  
   Michael Rupp             Matt Calvert             Kyle Calder              Roman Polak              Mark Giordano            

Goaltenders
Starting : Pekka Rinne              
Backup : Justin Pogge             

Extra Forwards
Normal : Jonathan Cheechoo, David Pastrnak, Johnny Gaudreau - PP : Evgeny Kuznetsov, David Pastrnak - PK : Michael Rupp
Extra Defensemen
Normal : Mark Giordano, Ryan Murray, Ville Koistinen - PP : Rasmus Ristolainen - PK : Roman Polak, Kris Russell
Penalty Shots
Jonathan Cheechoo, Justin Williams, David Pastrnak, Johnny Gaudreau, Codey Burki
Custom OT Lines Forwards
Jonathan Cheechoo, Justin Williams, David Pastrnak, Johnny Gaudreau, Evgeny Kuznetsov, Mason Raymond, Codey Burki, David Brine, Sean Avery, Matt Calvert
Custom OT Lines Defensemen
Mark Giordano, Rasmus Ristolainen, Ryan Murray, Roman Polak, Kris Russell

Scratches
Matt Greene (Healthy), Jordan LaVallee (Healthy)

% Time on Ice - Hurricanes

Lines # - Real PCT - Wanted PCT - Time Play
Normal Forward
1 - 37% - 40% - 16:36
2 - 31% - 30% - 13:52
3 - 21% - 20% - 9:13
4 - 11% - 10% - 4:50
Normal Defense
1 - 37% - 40% - 16:15
2 - 35% - 30% - 15:27
3 - 28% - 20% - 12:28
4 - 1% - 10% - 0:21
PP Forward
1 - 49% - 60% - 3:13
2 - 51% - 40% - 3:20
PP Defense
1 - 57% - 60% - 3:44
2 - 43% - 40% - 2:49
PK Forward
1 - 82% - 60% - 7:20
2 - 18% - 40% - 1:36
PK Defense
1 - 55% - 60% - 4:54
2 - 45% - 40% - 4:02
PK3 Forward
1 - 0% - 60%
2 - 0% - 40%
PK3 Defense
1 - 0% - 60%
2 - 0% - 40%
44 Forward
1 - 0% - 60%
2 - 0% - 40%
44 Defense
1 - 0% - 60%
2 - 0% - 40%
Last Minute Offensive  - 0:00
Last Minute Defensive  - 0:00
Total
Forward - 60:00
Defense - 60:00

% Time on Ice - Coyotes

Lines # - Real PCT - Wanted PCT - Time Play
Normal Forward
1 - 36% - 35% - 15:58
2 - 36% - 34% - 15:56
3 - 23% - 23% - 10:27
4 - 5% - 8% - 2:10
Normal Defense
1 - 36% - 35% - 15:53
2 - 35% - 34% - 15:41
3 - 27% - 23% - 11:51
4 - 2% - 8% - 1:06
PP Forward
1 - 49% - 50% - 4:24
2 - 51% - 50% - 4:32
PP Defense
1 - 60% - 50% - 5:23
2 - 40% - 50% - 3:33
PK Forward
1 - 47% - 50% - 3:06
2 - 53% - 50% - 3:27
PK Defense
1 - 56% - 50% - 3:40
2 - 44% - 50% - 2:53
PK3 Forward
1 - 0% - 60%
2 - 0% - 40%
PK3 Defense
1 - 0% - 60%
2 - 0% - 40%
44 Forward
1 - 0% - 60%
2 - 0% - 40%
44 Defense
1 - 0% - 60%
2 - 0% - 40%
Last Minute Offensive  - 0:00
Last Minute Defensive  - 0:00
Total
Forward - 60:00
Defense - 60:00

Play by Play

1st period


0:01 of 1st period - Ilya Kovalchuk wins face-off versus Codey Burki in neutral zone.
0:14 of 1st period - Shot by Ilya Kovalchuk.
0:14 of 1st period - Stopped by Pekka Rinne without a rebound.
0:15 of 1st period - Evgeny Kuznetsov wins face-off versus Mike Ribeiro in Coyotes zone.
0:21 of 1st period - Rasmus Ristolainen is hit by Juraj Kolnik and loses puck.
0:30 of 1st period - Shot by Evgeny Kuznetsov.
0:30 of 1st period - Shot Misses the Net.
0:34 of 1st period - Shot by David Pastrnak.
0:34 of 1st period - Stopped by Jimmy Howard without a rebound.
0:35 of 1st period - Mason Raymond wins face-off versus Martin Hanzal in Hurricanes zone.
0:42 of 1st period - Shot by Brian Lee.
0:42 of 1st period - Shot Misses the Net.
0:56 of 1st period - Shot by Brett Sterling.
0:56 of 1st period - Stopped by Pekka Rinne without a rebound.
0:57 of 1st period - Codey Burki wins face-off versus Ilya Kovalchuk in Coyotes zone.
1:28 of 1st period - Shot by Ilya Kovalchuk.
1:28 of 1st period - Stopped by Pekka Rinne without a rebound.
1:29 of 1st period - Johnny Gaudreau wins face-off versus Patrick Dwyer in Coyotes zone.
2:09 of 1st period - Shot by Evgeny Kuznetsov.
2:09 of 1st period - Stopped by Jimmy Howard without a rebound.
2:10 of 1st period - David Brine wins face-off versus Lee Stempniak in Hurricanes zone.
2:11 of 1st period - Shot by Sean Avery.
2:11 of 1st period - Stopped by Jimmy Howard with a rebound.
2:30 of 1st period - Minor Penalty to Roman Polak for Kneeing.
2:31 of 1st period - Ilya Kovalchuk wins face-off versus Michael Rupp in Coyotes zone.
2:46 of 1st period - Shot by Alex Tanguay.
2:46 of 1st period - Shot Misses the Net.
2:48 of 1st period - Shot by Jordan Leopold.
2:48 of 1st period - Stopped by Pekka Rinne with a rebound.
2:50 of 1st period - Shot by Ilya Kovalchuk.
2:50 of 1st period - Shot Blocked by Matt Calvert.
2:52 of 1st period - Shot by Jordan Leopold.
2:52 of 1st period - Shot Blocked by Mark Giordano.
2:56 of 1st period - Shot by Chris Kunitz.
2:56 of 1st period - Shot Misses the Net.
2:58 of 1st period - Shot by Alex Tanguay.
2:58 of 1st period - Shot Misses the Net.
3:00 of 1st period - Shot by Jordan Leopold.
3:00 of 1st period - Shot Blocked by Mark Giordano.
3:02 of 1st period - Shot by David Tanabe.
3:02 of 1st period - Stopped by Pekka Rinne without a rebound.
3:03 of 1st period - Mike Ribeiro wins face-off versus Michael Rupp in Coyotes zone.
3:12 of 1st period - Shot by Lee Stempniak.
3:12 of 1st period - Stopped by Pekka Rinne without a rebound.
3:13 of 1st period - Mike Ribeiro wins face-off versus Michael Rupp in Coyotes zone.
3:13 of 1st period - Juraj Kolnik is hit by Ryan Murray.
3:49 of 1st period - Mason Raymond is hit by Juraj Kolnik and loses puck.
4:22 of 1st period - Shot by Alex Tanguay.
4:22 of 1st period - Shot Blocked by Mark Giordano.
4:28 of 1st period - Shot by Jordan Leopold.
4:28 of 1st period - Stopped by Pekka Rinne without a rebound.
4:29 of 1st period - Michael Rupp wins face-off versus Ilya Kovalchuk in Coyotes zone.
4:29 of 1st period - Michael Rupp is hit by Ilya Kovalchuk.
4:34 of 1st period - Rasmus Ristolainen is hit by Dylan Reese and loses puck.
4:43 of 1st period - Shot by Martin Hanzal.
4:43 of 1st period - Stopped by Pekka Rinne without a rebound.
4:44 of 1st period - Ilya Kovalchuk wins face-off versus Evgeny Kuznetsov in Coyotes zone.
4:53 of 1st period - Shot by Ilya Kovalchuk.
4:53 of 1st period - Stopped by Pekka Rinne without a rebound.
4:54 of 1st period - Michael Rupp wins face-off versus Ilya Kovalchuk in Coyotes zone.
5:25 of 1st period - Shot by Michael Rupp.
5:25 of 1st period - Shot Misses the Net.
5:29 of 1st period - Shot by Rasmus Ristolainen.
5:29 of 1st period - Shot Blocked by David Tanabe.
5:31 of 1st period - Shot by Rasmus Ristolainen.
5:31 of 1st period - Stopped by Jimmy Howard without a rebound.
5:32 of 1st period - Codey Burki wins face-off versus Mike Ribeiro in Hurricanes zone.
6:42 of 1st period - Off-side.
6:43 of 1st period - Ilya Kovalchuk wins face-off versus Michael Rupp in neutral zone.
6:51 of 1st period - Minor Penalty to Chris Kunitz for Goalie Interference.
6:52 of 1st period - Evgeny Kuznetsov wins face-off versus Marius Holtet in Hurricanes zone.
6:52 of 1st period - Johnny Gaudreau is hit by David Tanabe and loses puck.
6:55 of 1st period - Shot by Evgeny Kuznetsov.
6:55 of 1st period - Shot Hit the Post.
6:57 of 1st period - Shot by Roman Polak.
6:57 of 1st period - Stopped by Jimmy Howard without a rebound.
6:58 of 1st period - Marius Holtet wins face-off versus Evgeny Kuznetsov in Hurricanes zone.
7:37 of 1st period - Shot by Mark Giordano.
7:37 of 1st period - Stopped by Jimmy Howard without a rebound.
7:38 of 1st period - Mike Ribeiro wins face-off versus Codey Burki in Hurricanes zone.
7:53 of 1st period - Icing by Ryan Murray.
7:54 of 1st period - Marius Holtet wins face-off versus Codey Burki in Coyotes zone.
8:05 of 1st period - Shot by Codey Burki.
8:05 of 1st period - Stopped by Jimmy Howard without a rebound.
8:06 of 1st period - Evgeny Kuznetsov wins face-off versus Marius Holtet in Hurricanes zone.
8:22 of 1st period - Shot by Mark Giordano.
8:22 of 1st period - Stopped by Jimmy Howard with a rebound.
8:30 of 1st period - Shot by Johnny Gaudreau.
8:30 of 1st period - Stopped by Jimmy Howard without a rebound.
8:31 of 1st period - Alex Tanguay wins face-off versus Codey Burki in Hurricanes zone.
8:37 of 1st period - Icing by Roman Polak.
8:38 of 1st period - Codey Burki wins face-off versus Alex Tanguay in Coyotes zone.
9:17 of 1st period - Shot by Martin Hanzal.
9:17 of 1st period - Shot Misses the Net.
9:19 of 1st period - Shot by Brett Sterling.
9:19 of 1st period - Shot Misses the Net.
9:21 of 1st period - Shot by Brett Sterling.
9:21 of 1st period - Stopped by Pekka Rinne without a rebound.
9:22 of 1st period - Ilya Kovalchuk wins face-off versus Codey Burki in Coyotes zone.
9:40 of 1st period - Shot by Ilya Kovalchuk.
9:40 of 1st period - Shot Misses the Net.
9:45 of 1st period - Icing by Rasmus Ristolainen.
9:46 of 1st period - Codey Burki wins face-off versus Mike Ribeiro in Coyotes zone.
10:08 of 1st period - Jonathan Cheechoo is hit by Peter Aston and loses puck.
10:49 of 1st period - Shot by Alex Tanguay.
10:49 of 1st period - Shot Misses the Net.
10:51 of 1st period - Shot by David Tanabe.
10:51 of 1st period - Shot Hit the Post.
11:12 of 1st period - Icing by Kris Russell.
11:13 of 1st period - Evgeny Kuznetsov wins face-off versus Martin Hanzal in Coyotes zone.
11:13 of 1st period - Evgeny Kuznetsov is hit by Patrick Eaves.
11:25 of 1st period - Shot by Johnny Gaudreau.
11:25 of 1st period - Stopped by Jimmy Howard without a rebound.
11:26 of 1st period - Michael Rupp wins face-off versus Patrick Dwyer in Hurricanes zone.
11:26 of 1st period - Mason Raymond is hit by Peter Aston and loses puck.
11:27 of 1st period - Minor Penalty to Peter Aston for Slashing.
11:28 of 1st period - Chris Kunitz wins face-off versus Evgeny Kuznetsov in Hurricanes zone.
12:19 of 1st period - Icing by Rasmus Ristolainen.
12:20 of 1st period - Alex Tanguay wins face-off versus Codey Burki in Coyotes zone.
12:42 of 1st period - Jonathan Cheechoo is hit by David Tanabe and loses puck.
12:47 of 1st period - Shot by Mark Giordano.
12:47 of 1st period - Shot Blocked by Chris Kunitz.
12:49 of 1st period - Shot by Justin Williams.
12:49 of 1st period - Shot Blocked by Chris Kunitz.
12:51 of 1st period - Shot by Justin Williams.
12:51 of 1st period - Shot Blocked by David Tanabe.
12:53 of 1st period - Shot by Justin Williams.
12:53 of 1st period - Deflect By Codey Burki.
12:53 of 1st period - Goal by Codey Burki - Hurricanes : 0 - Coyotes : 1.
12:54 of 1st period - Michael Rupp wins face-off versus Martin Hanzal in neutral zone.
13:00 of 1st period - Icing by Brian Lee.
13:01 of 1st period - Martin Hanzal wins face-off versus Michael Rupp in Hurricanes zone.
14:14 of 1st period - Shot by Lee Stempniak.
14:14 of 1st period - Shot Misses the Net.
14:22 of 1st period - Shot by Kris Russell.
14:22 of 1st period - Shot Misses the Net.
14:30 of 1st period - Shot by David Pastrnak.
14:30 of 1st period - Shot Hit the Post.
14:32 of 1st period - Shot by Kris Russell.
14:32 of 1st period - Shot Misses the Net.
14:47 of 1st period - Icing by Ryan Murray.
14:48 of 1st period - Codey Burki wins face-off versus Chris Kunitz in Coyotes zone.
14:48 of 1st period - Codey Burki is hit by Ilya Kovalchuk.
15:02 of 1st period - Shot by Justin Williams.
15:02 of 1st period - Shot Misses the Net.
15:04 of 1st period - Shot by Justin Williams.
15:04 of 1st period - Goal by Justin Williams - Hurricanes : 0 - Coyotes : 2.
15:05 of 1st period - Patrick Dwyer wins face-off versus Michael Rupp in neutral zone.
15:33 of 1st period - Shot by Marius Holtet.
15:33 of 1st period - Stopped by Pekka Rinne without a rebound.
15:34 of 1st period - Codey Burki wins face-off versus Ilya Kovalchuk in Coyotes zone.
16:00 of 1st period - Ilya Kovalchuk is hit by Ryan Murray and loses puck.
16:11 of 1st period - Shot by Alex Tanguay.
16:11 of 1st period - Stopped by Pekka Rinne without a rebound.
16:12 of 1st period - Evgeny Kuznetsov wins face-off versus Mike Ribeiro in Coyotes zone.
16:12 of 1st period - Evgeny Kuznetsov is hit by Juraj Kolnik.
17:26 of 1st period - Chris Kunitz is hit by Ville Koistinen and loses puck.
17:45 of 1st period - Shot by Chris Kunitz.
17:45 of 1st period - Shot Misses the Net.
19:12 of 1st period - Icing by Evgeny Kuznetsov.
19:13 of 1st period - Grant Stevenson wins face-off versus Evgeny Kuznetsov in Coyotes zone.
19:20 of 1st period - Shot by Marius Holtet.
19:20 of 1st period - Goal by Marius Holtet - Hurricanes : 1 - Coyotes : 2.
19:21 of 1st period - Ilya Kovalchuk wins face-off versus David Brine in neutral zone.
19:51 of 1st period - Icing by Dylan Reese.
19:52 of 1st period - Alex Tanguay wins face-off versus David Pastrnak in Hurricanes zone.
Goals for this period are 1 for Hurricanes vs 2 for Coyotes.
Shots for this period are 13 for Hurricanes vs 12 for Coyotes.

2nd period


0:01 of 2nd period - Ilya Kovalchuk wins face-off versus Codey Burki in neutral zone.
0:40 of 2nd period - Shot by Ryan Murray.
0:40 of 2nd period - Shot Misses the Net.
1:26 of 2nd period - Shot by Juraj Kolnik.
1:26 of 2nd period - Shot Misses the Net.
1:28 of 2nd period - Shot by Lee Stempniak.
1:28 of 2nd period - Goal by Lee Stempniak - Hurricanes : 2 - Coyotes : 2.
1:29 of 2nd period - Michael Rupp wins face-off versus Patrick Dwyer in neutral zone.
1:39 of 2nd period - Icing by Ville Koistinen.
1:40 of 2nd period - Michael Rupp wins face-off versus Martin Hanzal in Coyotes zone.
1:54 of 2nd period - Off-side.
1:55 of 2nd period - Ilya Kovalchuk wins face-off versus Johnny Gaudreau in neutral zone.
1:57 of 2nd period - Chris Kunitz is hit by David Pastrnak and loses puck.
2:10 of 2nd period - Shot by Johnny Gaudreau.
2:10 of 2nd period - Stopped by Jimmy Howard without a rebound.
2:11 of 2nd period - David Brine wins face-off versus Mike Ribeiro in Hurricanes zone.
3:09 of 2nd period - Peter Aston is hit by Kris Russell.
3:20 of 2nd period - Off-side.
3:21 of 2nd period - Codey Burki wins face-off versus Ilya Kovalchuk in neutral zone.
3:36 of 2nd period - Shot by Justin Williams.
3:36 of 2nd period - Stopped by Jimmy Howard without a rebound.
3:37 of 2nd period - Brett Sterling wins face-off versus Evgeny Kuznetsov in Hurricanes zone.
3:56 of 2nd period - Shot by Evgeny Kuznetsov.
3:56 of 2nd period - Shot Blocked by Brett Sterling.
3:58 of 2nd period - Shot by Kris Russell.
3:58 of 2nd period - Stopped by Jimmy Howard without a rebound.
3:59 of 2nd period - Ilya Kovalchuk wins face-off versus Codey Burki in Hurricanes zone.
4:16 of 2nd period - Shot by Chris Kunitz.
4:16 of 2nd period - Stopped by Pekka Rinne without a rebound.
4:17 of 2nd period - Lee Stempniak wins face-off versus Evgeny Kuznetsov in Coyotes zone.
4:43 of 2nd period - Icing by Evgeny Kuznetsov.
4:44 of 2nd period - Ilya Kovalchuk wins face-off versus Evgeny Kuznetsov in Coyotes zone.
4:45 of 2nd period - Shot by Chris Kunitz.
4:45 of 2nd period - Shot Blocked by Mark Giordano.
4:57 of 2nd period - David Tanabe is hit by David Pastrnak and loses puck.
5:11 of 2nd period - Johnny Gaudreau is hit by Ilya Kovalchuk and loses puck.
6:23 of 2nd period - John-Michael Liles is hit by Michael Rupp and loses puck.
6:46 of 2nd period - Shot by Michael Rupp.
6:46 of 2nd period - Stopped by Jimmy Howard without a rebound.
6:47 of 2nd period - Sean Avery wins face-off versus Martin Hanzal in Hurricanes zone.
6:56 of 2nd period - Shot by David Brine.
6:56 of 2nd period - Deflect By Matt Calvert.
6:56 of 2nd period - Stopped by Jimmy Howard without a rebound.
6:57 of 2nd period - Evgeny Kuznetsov wins face-off versus Ilya Kovalchuk in Hurricanes zone.
7:26 of 2nd period - Evgeny Kuznetsov is hit by David Tanabe and loses puck.
7:37 of 2nd period - Shot by Evgeny Kuznetsov.
7:37 of 2nd period - Stopped by Jimmy Howard without a rebound.
7:38 of 2nd period - Codey Burki wins face-off versus Martin Hanzal in Hurricanes zone.
7:38 of 2nd period - Mark Giordano is hit by Brian Lee and loses puck.
8:05 of 2nd period - Shot by Jonathan Cheechoo.
8:05 of 2nd period - Deflect By Justin Williams.
8:05 of 2nd period - Shot Misses the Net.
8:17 of 2nd period - Shot by Jonathan Cheechoo.
8:17 of 2nd period - Stopped by Jimmy Howard with a rebound.
8:42 of 2nd period - Mason Raymond is hit by Peter Aston and loses puck.
9:05 of 2nd period - Shot by Michael Rupp.
9:05 of 2nd period - Deflect By Kyle Calder.
9:05 of 2nd period - Stopped by Jimmy Howard with a rebound.
9:18 of 2nd period - Icing by John-Michael Liles.
9:19 of 2nd period - Patrick Dwyer wins face-off versus Evgeny Kuznetsov in Hurricanes zone.
9:21 of 2nd period - John-Michael Liles is hit by David Pastrnak and loses puck.
9:29 of 2nd period - Johnny Gaudreau is hit by Peter Aston and loses puck.
9:43 of 2nd period - Evgeny Kuznetsov is hit by Peter Aston and loses puck.
9:51 of 2nd period - Evgeny Kuznetsov is hit by Peter Aston and loses puck.
10:01 of 2nd period - Evgeny Kuznetsov is hit by Peter Aston and loses puck.
10:25 of 2nd period - Jonathan Cheechoo is hit by David Tanabe and loses puck.
10:36 of 2nd period - Shot by Ilya Kovalchuk.
10:36 of 2nd period - Shot Misses the Net.
10:38 of 2nd period - Shot by Ilya Kovalchuk.
10:38 of 2nd period - Stopped by Pekka Rinne without a rebound.
10:39 of 2nd period - Michael Rupp wins face-off versus Mike Ribeiro in Coyotes zone.
10:39 of 2nd period - Michael Rupp is hit by Juraj Kolnik.
11:32 of 2nd period - Minor Penalty to Justin Williams for Hooking.
11:33 of 2nd period - Ilya Kovalchuk wins face-off versus Matt Calvert in Coyotes zone.
11:38 of 2nd period - Shot by Alex Tanguay.
11:38 of 2nd period - Stopped by Pekka Rinne with a rebound.
11:58 of 2nd period - Shot by Chris Kunitz.
11:58 of 2nd period - Shot Misses the Net.
13:13 of 2nd period - Off-side.
13:14 of 2nd period - Ilya Kovalchuk wins face-off versus Matt Calvert in neutral zone.
13:35 of 2nd period - Shot by Brian Lee.
13:35 of 2nd period - Goal by Brian Lee - Hurricanes : 3 - Coyotes : 2.
13:36 of 2nd period - Codey Burki wins face-off versus Martin Hanzal in neutral zone.
13:57 of 2nd period - Shot by Brett Sterling.
13:57 of 2nd period - Shot Misses the Net.
14:07 of 2nd period - Shot by Martin Hanzal.
14:07 of 2nd period - Stopped by Pekka Rinne without a rebound.
14:08 of 2nd period - Marius Holtet wins face-off versus David Pastrnak in Coyotes zone.
14:08 of 2nd period - Marius Holtet is hit by Mark Giordano.
14:11 of 2nd period - Grant Stevenson is hit by Kris Russell and loses puck.
14:14 of 2nd period - Shot by Patrick Dwyer.
14:14 of 2nd period - Stopped by Pekka Rinne without a rebound.
14:15 of 2nd period - Ilya Kovalchuk wins face-off versus Evgeny Kuznetsov in Coyotes zone.
14:15 of 2nd period - Ilya Kovalchuk is hit by Kris Russell.
14:19 of 2nd period - Shot by Chris Kunitz.
14:19 of 2nd period - Shot Misses the Net.
14:23 of 2nd period - Shot by Alex Tanguay.
14:23 of 2nd period - Shot Misses the Net.
14:25 of 2nd period - Shot by Alex Tanguay.
14:25 of 2nd period - Goal by Alex Tanguay - Hurricanes : 4 - Coyotes : 2.
14:26 of 2nd period - Codey Burki wins face-off versus Mike Ribeiro in neutral zone.
14:33 of 2nd period - Shot by Justin Williams.
14:33 of 2nd period - Shot Misses the Net.
14:35 of 2nd period - Shot by Jonathan Cheechoo.
14:35 of 2nd period - Stopped by Jimmy Howard without a rebound.
14:36 of 2nd period - Ilya Kovalchuk wins face-off versus Evgeny Kuznetsov in Hurricanes zone.
14:43 of 2nd period - Shot by Chris Kunitz.
14:43 of 2nd period - Shot Blocked by David Pastrnak.
14:45 of 2nd period - Shot by David Tanabe.
14:45 of 2nd period - Shot Misses the Net.
14:49 of 2nd period - Shot by Ilya Kovalchuk.
14:49 of 2nd period - Shot Misses the Net.
14:51 of 2nd period - Shot by Ilya Kovalchuk.
14:51 of 2nd period - Deflect By Chris Kunitz.
14:51 of 2nd period - Stopped by Pekka Rinne without a rebound.
14:52 of 2nd period - Mike Ribeiro wins face-off versus Codey Burki in Coyotes zone.
15:19 of 2nd period - Shot by Codey Burki.
15:19 of 2nd period - Shot Hit the Post.
15:48 of 2nd period - Minor Penalty to Ilya Kovalchuk for Tripping.
15:49 of 2nd period - Chris Kunitz wins face-off versus Evgeny Kuznetsov in Hurricanes zone.
15:49 of 2nd period - Jordan Leopold is hit by David Pastrnak and loses puck.
15:59 of 2nd period - Evgeny Kuznetsov is hit by David Tanabe and loses puck.
16:04 of 2nd period - Shot by Johnny Gaudreau.
16:04 of 2nd period - Deflect By David Pastrnak.
16:04 of 2nd period - Stopped by Jimmy Howard without a rebound.
16:05 of 2nd period - Evgeny Kuznetsov wins face-off versus Marius Holtet in Hurricanes zone.
16:24 of 2nd period - Shot by Ryan Murray.
16:24 of 2nd period - Shot Blocked by Jordan Leopold.
16:31 of 2nd period - Icing by Evgeny Kuznetsov.
16:32 of 2nd period - Chris Kunitz wins face-off versus David Pastrnak in Coyotes zone.
16:35 of 2nd period - Shot by Marius Holtet.
16:35 of 2nd period - Stopped by Pekka Rinne with a rebound.
16:37 of 2nd period - Shot by Chris Kunitz.
16:37 of 2nd period - Stopped by Pekka Rinne without a rebound.
16:38 of 2nd period - Codey Burki wins face-off versus Chris Kunitz in Coyotes zone.
16:47 of 2nd period - Shot by Mark Giordano.
16:47 of 2nd period - Shot Blocked by Jordan Leopold.
16:49 of 2nd period - Shot by Jonathan Cheechoo.
16:49 of 2nd period - Stopped by Jimmy Howard without a rebound.
16:50 of 2nd period - Codey Burki wins face-off versus Chris Kunitz in Hurricanes zone.
16:53 of 2nd period - Shot by Mark Giordano.
16:53 of 2nd period - Stopped by Jimmy Howard with a rebound.
16:59 of 2nd period - Shot by Justin Williams.
16:59 of 2nd period - Stopped by Jimmy Howard without a rebound.
17:00 of 2nd period - Chris Kunitz wins face-off versus Evgeny Kuznetsov in Hurricanes zone.
17:00 of 2nd period - Chris Kunitz is hit by David Pastrnak.
17:12 of 2nd period - Chris Kunitz is hit by Rasmus Ristolainen and loses puck.
17:17 of 2nd period - Shot by Mark Giordano.
17:17 of 2nd period - Shot Blocked by Peter Aston.
17:19 of 2nd period - Shot by Rasmus Ristolainen.
17:19 of 2nd period - Shot Misses the Net.
17:21 of 2nd period - Shot by Rasmus Ristolainen.
17:21 of 2nd period - Goal by Rasmus Ristolainen - Hurricanes : 4 - Coyotes : 3.
17:22 of 2nd period - Codey Burki wins face-off versus Martin Hanzal in neutral zone.
17:27 of 2nd period - Shot by Codey Burki.
17:27 of 2nd period - Shot Misses the Net.
17:38 of 2nd period - Shot by Jonathan Cheechoo.
17:38 of 2nd period - Deflect By Justin Williams.
17:38 of 2nd period - Shot Misses the Net.
17:54 of 2nd period - Shot by Jonathan Cheechoo.
17:54 of 2nd period - Shot Misses the Net.
18:32 of 2nd period - Shot by Lee Stempniak.
18:32 of 2nd period - Shot Misses the Net.
18:34 of 2nd period - Shot by Lee Stempniak.
18:34 of 2nd period - Stopped by Pekka Rinne without a rebound.
18:35 of 2nd period - Ilya Kovalchuk wins face-off versus Evgeny Kuznetsov in Coyotes zone.
18:36 of 2nd period - Shot by Alex Tanguay.
18:36 of 2nd period - Stopped by Pekka Rinne without a rebound.
18:37 of 2nd period - Ilya Kovalchuk wins face-off versus Evgeny Kuznetsov in Coyotes zone.
18:51 of 2nd period - Kris Russell is hit by Brian Lee.
19:09 of 2nd period - Shot by Johnny Gaudreau.
19:09 of 2nd period - Shot Misses the Net.
19:11 of 2nd period - Shot by Evgeny Kuznetsov.
19:11 of 2nd period - Stopped by Jimmy Howard with a rebound.
19:15 of 2nd period - Shot by Johnny Gaudreau.
19:15 of 2nd period - Shot Misses the Net.
19:20 of 2nd period - Johnny Gaudreau is hit by Brian Lee and loses puck.
Goals for this period are 3 for Hurricanes vs 1 for Coyotes.
Shots for this period are 13 for Hurricanes vs 15 for Coyotes.

3rd period


0:01 of 3rd period - Johnny Gaudreau wins face-off versus Ilya Kovalchuk in neutral zone.
0:13 of 3rd period - Evgeny Kuznetsov is hit by David Tanabe and loses puck.
0:31 of 3rd period - Minor Penalty to Ilya Kovalchuk for Hooking.
0:32 of 3rd period - Codey Burki wins face-off versus Chris Kunitz in Hurricanes zone.
0:35 of 3rd period - Shot by Justin Williams.
0:35 of 3rd period - Deflect By Codey Burki.
0:35 of 3rd period - Stopped by Jimmy Howard with a rebound.
1:04 of 3rd period - Peter Aston is hit by Jonathan Cheechoo and loses puck.
1:09 of 3rd period - Shot by Codey Burki.
1:09 of 3rd period - Deflect By Jonathan Cheechoo.
1:09 of 3rd period - Stopped by Jimmy Howard with a rebound.
2:54 of 3rd period - Shot by Martin Hanzal.
2:54 of 3rd period - Shot Misses the Net.
2:58 of 3rd period - Shot by Brett Sterling.
2:58 of 3rd period - Stopped by Pekka Rinne without a rebound.
2:59 of 3rd period - David Brine wins face-off versus Patrick Dwyer in Coyotes zone.
3:16 of 3rd period - Shot by David Brine.
3:16 of 3rd period - Shot Misses the Net.
3:18 of 3rd period - Shot by Mark Giordano.
3:18 of 3rd period - Stopped by Jimmy Howard with a rebound.
3:20 of 3rd period - Shot by Kris Russell.
3:20 of 3rd period - Stopped by Jimmy Howard without a rebound.
3:21 of 3rd period - Evgeny Kuznetsov wins face-off versus Mike Ribeiro in Hurricanes zone.
3:48 of 3rd period - Shot by Brian Lee.
3:48 of 3rd period - Stopped by Pekka Rinne without a rebound.
3:49 of 3rd period - Codey Burki wins face-off versus Ilya Kovalchuk in Coyotes zone.
4:16 of 3rd period - Shot by Justin Williams.
4:16 of 3rd period - Shot Blocked by Peter Aston.
4:35 of 3rd period - Off-side.
4:36 of 3rd period - Mike Ribeiro wins face-off versus Evgeny Kuznetsov in neutral zone.
4:36 of 3rd period - Juraj Kolnik is hit by Evgeny Kuznetsov and loses puck.
5:10 of 3rd period - Icing by David Tanabe.
5:11 of 3rd period - Michael Rupp wins face-off versus Mike Ribeiro in Hurricanes zone.
5:16 of 3rd period - Shot by Michael Rupp.
5:16 of 3rd period - Stopped by Jimmy Howard without a rebound.
5:17 of 3rd period - Ilya Kovalchuk wins face-off versus Michael Rupp in Hurricanes zone.
5:34 of 3rd period - Shot by Ilya Kovalchuk.
5:34 of 3rd period - Shot Misses the Net.
5:55 of 3rd period - Icing by Ville Koistinen.
5:56 of 3rd period - Michael Rupp wins face-off versus Mike Ribeiro in Coyotes zone.
5:56 of 3rd period - Michael Rupp is hit by Juraj Kolnik.
6:19 of 3rd period - Mike Ribeiro is hit by Kris Russell and loses puck.
6:42 of 3rd period - Shot by Jonathan Cheechoo.
6:42 of 3rd period - Stopped by Jimmy Howard without a rebound.
6:43 of 3rd period - Evgeny Kuznetsov wins face-off versus Ilya Kovalchuk in Hurricanes zone.
6:50 of 3rd period - Shot by David Pastrnak.
6:50 of 3rd period - Shot Misses the Net.
7:40 of 3rd period - Double Minor Penalty to Jonathan Cheechoo for Boarding.
7:41 of 3rd period - Michael Rupp wins face-off versus Mike Ribeiro in Coyotes zone.
8:22 of 3rd period - Shot by Michael Rupp.
8:22 of 3rd period - Stopped by Jimmy Howard without a rebound.
8:23 of 3rd period - Ilya Kovalchuk wins face-off versus Matt Calvert in Hurricanes zone.
9:21 of 3rd period - Shot by David Tanabe.
9:21 of 3rd period - Shot Blocked by Michael Rupp.
9:23 of 3rd period - Shot by Jordan Leopold.
9:23 of 3rd period - Shot Blocked by Michael Rupp.
9:25 of 3rd period - Shot by David Tanabe.
9:25 of 3rd period - Shot Misses the Net.
9:41 of 3rd period - Shot by John-Michael Liles.
9:41 of 3rd period - Stopped by Pekka Rinne without a rebound.
9:42 of 3rd period - Matt Calvert wins face-off versus Chris Kunitz in Coyotes zone.
9:56 of 3rd period - Off-side.
9:57 of 3rd period - Mike Ribeiro wins face-off versus Matt Calvert in neutral zone.
10:03 of 3rd period - Shot by Juraj Kolnik.
10:03 of 3rd period - Shot Misses the Net.
10:05 of 3rd period - Shot by Mike Ribeiro.
10:05 of 3rd period - Shot Misses the Net.
10:07 of 3rd period - Shot by Peter Aston.
10:07 of 3rd period - Stopped by Pekka Rinne without a rebound.
10:08 of 3rd period - Ilya Kovalchuk wins face-off versus Michael Rupp in Coyotes zone.
10:15 of 3rd period - Shot by Ilya Kovalchuk.
10:15 of 3rd period - Goal by Ilya Kovalchuk - Hurricanes : 5 - Coyotes : 3.
10:16 of 3rd period - Martin Hanzal wins face-off versus Codey Burki in neutral zone.
10:25 of 3rd period - Shot by Brett Sterling.
10:25 of 3rd period - Stopped by Pekka Rinne without a rebound.
10:26 of 3rd period - David Pastrnak wins face-off versus Grant Stevenson in Coyotes zone.
11:44 of 3rd period - Rasmus Ristolainen is hit by Ilya Kovalchuk and loses puck.
12:09 of 3rd period - Shot by Chris Kunitz.
12:09 of 3rd period - Stopped by Pekka Rinne without a rebound.
12:10 of 3rd period - Mike Ribeiro wins face-off versus Michael Rupp in Coyotes zone.
12:23 of 3rd period - Shot by Michael Rupp.
12:23 of 3rd period - Shot Misses the Net.
12:25 of 3rd period - Shot by Michael Rupp.
12:25 of 3rd period - Shot Misses the Net.
12:27 of 3rd period - Shot by Mason Raymond.
12:27 of 3rd period - Stopped by Jimmy Howard without a rebound.
12:28 of 3rd period - Martin Hanzal wins face-off versus Evgeny Kuznetsov in Hurricanes zone.
12:58 of 3rd period - Icing by Brian Lee.
12:59 of 3rd period - Codey Burki wins face-off versus Martin Hanzal in Hurricanes zone.
13:07 of 3rd period - Justin Williams is hit by Brian Lee and loses puck.
13:35 of 3rd period - Icing by Jordan Leopold.
13:36 of 3rd period - Johnny Gaudreau wins face-off versus Ilya Kovalchuk in Hurricanes zone.
13:51 of 3rd period - Shot by Chris Kunitz.
13:51 of 3rd period - Shot Hit the Post.
13:53 of 3rd period - Shot by Alex Tanguay.
13:53 of 3rd period - Shot Blocked by Kris Russell.
14:15 of 3rd period - Ilya Kovalchuk is hit by David Pastrnak and loses puck.
14:23 of 3rd period - Icing by David Tanabe.
14:24 of 3rd period - Ilya Kovalchuk wins face-off versus Codey Burki in Hurricanes zone.
14:38 of 3rd period - Ryan Murray is hit by Peter Aston and loses puck.
14:55 of 3rd period - Justin Williams is hit by Juraj Kolnik and loses puck.
15:12 of 3rd period - Rasmus Ristolainen is hit by Juraj Kolnik and loses puck.
15:18 of 3rd period - Icing by Justin Williams.
15:19 of 3rd period - Martin Hanzal wins face-off versus Codey Burki in Coyotes zone.
16:18 of 3rd period - Shot by Marius Holtet.
16:18 of 3rd period - Stopped by Pekka Rinne without a rebound.
16:19 of 3rd period - Ilya Kovalchuk wins face-off versus Mason Raymond in Coyotes zone.
16:19 of 3rd period - Ilya Kovalchuk is hit by Ville Koistinen.
17:01 of 3rd period - Shot by Mason Raymond.
17:01 of 3rd period - Shot Misses the Net.
17:07 of 3rd period - Jordan Leopold is hit by Michael Rupp and loses puck.
17:20 of 3rd period - Mason Raymond is hit by Ilya Kovalchuk and loses puck.
17:34 of 3rd period - Icing by John-Michael Liles.
17:35 of 3rd period - Mike Ribeiro wins face-off versus Evgeny Kuznetsov in Hurricanes zone.
17:39 of 3rd period - Off-side.
17:40 of 3rd period - Mike Ribeiro wins face-off versus Evgeny Kuznetsov in neutral zone.
17:50 of 3rd period - Icing by Evgeny Kuznetsov.
17:51 of 3rd period - Evgeny Kuznetsov wins face-off versus Martin Hanzal in Coyotes zone.
17:51 of 3rd period - Mark Giordano is hit by Martin Hanzal and loses puck.
17:52 of 3rd period - Minor Penalty to Patrick Eaves for High sticking.
17:53 of 3rd period - Chris Kunitz wins face-off versus Codey Burki in Hurricanes zone.
17:53 of 3rd period - Chris Kunitz is hit by Justin Williams.
18:37 of 3rd period - Icing by Mark Giordano.
18:38 of 3rd period - Jonathan Cheechoo wins face-off versus Chris Kunitz in Coyotes zone.
19:20 of 3rd period - Off-side.
19:21 of 3rd period - Evgeny Kuznetsov wins face-off versus Alex Tanguay in neutral zone.
19:23 of 3rd period - Off-side.
19:24 of 3rd period - Evgeny Kuznetsov wins face-off versus Chris Kunitz in neutral zone.
19:33 of 3rd period - Shot by David Pastrnak.
19:33 of 3rd period - Shot Misses the Net.
19:35 of 3rd period - Shot by Johnny Gaudreau.
19:35 of 3rd period - Shot Misses the Net.
19:47 of 3rd period - Shot by Johnny Gaudreau.
19:47 of 3rd period - Stopped by Jimmy Howard without a rebound.
19:48 of 3rd period - Alex Tanguay wins face-off versus Evgeny Kuznetsov in Hurricanes zone.
Goals for this period are 1 for Hurricanes vs 0 for Coyotes.
Shots for this period are 8 for Hurricanes vs 9 for Coyotes.